AoeStats
← ogipochi_

Nomad

504444182Analyzed
4v4 RM · 28d ago on Sep 5, 2026· 33m 6s· 8 players
Game mode
Random Map
Map size
231×231
Population
200
Speed
Normal
Resources
Standard
Victory
Conquest
Starting age
Dark Age
Ending age
Imperial Age
RankedLock teamsTeams togetherTeam positionsShared explorationLock speedFull tech treeHidden civsTurbo modeCheats
Victory
Defeat
🇷🇺 Gurjaras · Russia
932
+13
🇹🇷 Spanish · Türkiye
931
+13
🇦🇷 Vietnamese · Argentina
914
+13
🇮🇳 Franks · India
811
+36
🇨🇳 Vietnamese · China
880
-15
🇯🇵 Spanish · Japan
877
-15
🇳🇿 Britons · New Zealand
838
-13
🇷🇺 Burgundians · Russia
822
-13
ogipochi_
7:31 Loom
小宝贝
3:50 Loom
Chixpixx
15:08 Feudal Age
15:40 Double-Bit Axe
16:46 Bow Saw
17:17 Fishing Lines
18:17 Horse Collar
25:11 Castle Age
24:39 Heavy Plow
25:28 Wheelbarrow
27:52 Two-Man Saw
26:45 Gold Mining
27:49 Hand Cart
30:08 Loom
31:14 Cavalier
33:48 Forging
bmacedo1987
HeisenbergSam
5:08 Loom
15:30 Feudal Age
19:12 Castle Age
17:27 Bloodlines
19:57 Forging
19:53 Scale Barding Armor
19:39 Light Cavalry
27:28 Iron Casting
31:45 Chain Barding Armor
RAVILKA_BIG
8:56 Loom
13:00 Feudal Age
13:41 Double-Bit Axe
15:03 Wheelbarrow
14:56 Horse Collar
15:57 Town Watch
17:51 Fishing Lines
22:17 Gold Mining
27:04 Castle Age
28:05 Bow Saw
28:14 Hand Cart
28:37 Gold Shaft Mining
28:11 Heavy Plow
28:28 Gillnets
30:10 Scale Barding Armor
31:17 Stone Mining
31:33 Husbandry
31:43 Bloodlines
32:03 Chain Barding Armor
vatutin_
4:13 Loom
16:00 Feudal Age
18:00 Double-Bit Axe
22:25 Castle Age
23:57 Wheelbarrow
23:38 Bow Saw
28:12 Husbandry
28:23 Scale Barding Armor
32:35 Imperial Age
31:03 Chain Barding Armor
31:53 Hand Cart
31:43 Gold Mining
32:53 Forging
34:12 Plate Barding Armor
Señor Hentai
18:45 Feudal Age
17:04 Loom
18:50 Feudal Age
19:53 Double-Bit Axe
19:52 Fishing Lines
22:10 Gold Mining
22:12 Stone Mining
25:52 Castle Age
27:29 Wheelbarrow
28:54 Fletching
29:57 Bodkin Arrow
30:25 Padded Archer Armor
31:36 Ballistics
31:39 Hand Cart
33:23 Heated Shot
Connection lost

Rejoining the realm…

Still unreachable

The connection could not be restored.

Session expired

The server has moved on; the page needs a fresh start.